 Dungeon Crawl Stone Soup version 0.31.0-4-g52a2dc7128 (webtiles) character file.

Game seed: 2377482311840228936

8508 zazu2006 the Nimble (level 11, -5/84 HPs)
             Began as a Gnoll Wanderer on Jan 22, 2024.
             Was an Initiate of Vehumet.
             Slain by Urug
             ... wielding a +0 demon trident of freezing
              (28 damage)
             ... on level 11 of the Dungeon.
             The game lasted 00:20:32 (10725 turns).

zazu2006 the Nimble (Gnoll Wanderer)               Turns: 10725, Time: 00:20:33

Health: -5/84      AC: 11    Str: 10    XL:     11   Next: 32%
Magic:  20/20      EV: 25    Int: 11    God:    Vehumet [......]
Gold:   700        SH:  5    Dex: 18    Spells: 22/22 levels left

rFire   . . .        L - +5 great sword
rCold   . . .        (shield currently unavailable)
rNeg    . . .        K - +0 steam dragon scales
rPois   .            (no helmet)
rElec   .            d - +1 cloak {rCorr}
rCorr   +            k - +0 pair of gloves
SInv    .            A - +0 pair of boots
Will    .....        j - amulet of reflection
Stlth   +++          n - +5 ring of evasion
HPRegen 0.34/turn    o - +4 ring of slaying
MPRegen 0.17/turn

%: reflection
@: no status effects
A: fangs 1, strong nose, distributed training
a: Renounce Religion


You were on level 11 of the Dungeon.
You worshipped Vehumet.
Vehumet was noncommittal.
You visited 2 branches of the dungeon, and saw 12 of its levels.
You also visited: Ossuary.

You collected 700 gold pieces.

Inventory:

Hand Weapons
 a - a +0 short sword
 y - a +2 falchion of freezing
 L - a +5 great sword (weapon)
Missiles
 x - 4 throwing nets (quivered)
Armour
 c - a +0 leather armour
 d - a +1 cloak of preservation (worn)
 k - a +0 pair of gloves (worn)
 v - an orb of light
 A - a +0 pair of boots (worn)
 K - +0 steam dragon scales (worn)
Magical Staves
 t - a staff of earth
Jewellery
 j - an amulet of reflection (around neck)
 n - a +5 ring of evasion (left hand)
 o - a +4 ring of slaying (right hand)
 Q - a ring of positive energy
Wands
 b - a wand of roots (15)
 M - a wand of light (3)
 P - a wand of flame (26)
Scrolls
 e - 3 scrolls of blinking
 f - 7 scrolls of teleportation {unknown}
 p - a scroll of immolation
 q - 3 scrolls of vulnerability
 r - 2 scrolls of fog
 s - a scroll of brand weapon
 w - 4 scrolls of summoning {unknown}
 z - 2 scrolls of revelation {unknown}
 D - 4 scrolls of enchant armour {unknown}
 F - 5 scrolls of identify
 G - 3 scrolls of fear {unknown}
 H - 2 scrolls of amnesia {unknown}
 O - a scroll of acquirement {unknown}
 R - 2 scrolls of poison {unknown}
 S - a scroll of enchant weapon
Potions
 g - 2 potions of curing
 h - 3 potions of heal wounds
 i - 3 potions of attraction
 l - a potion of berserk rage {unknown}
 m - 5 potions of degeneration {unknown}
 u - 2 potions of haste {unknown}
 B - 3 potions of brilliance {unknown}
 C - 2 potions of magic {unknown}
 E - 3 potions of lignification {unknown}
 J - 2 potions of mutation {unknown}
 N - a potion of might {unknown}


   Skills:
 + Level 7.0 Fighting
 + Level 7.0 Short Blades
 + Level 6.4 Long Blades
 + Level 6.4 Axes
 + Level 6.4 Maces & Flails
 + Level 6.4 Polearms
 + Level 6.4 Staves
 + Level 6.4 Ranged Weapons
 + Level 6.4 Throwing
 + Level 7.0 Armour
 + Level 12.2 Dodging
 + Level 6.4 Stealth
 + Level 6.4 Shields
 + Level 6.4 Unarmed Combat
 + Level 6.4 Spellcasting
 + Level 5.3 Conjurations
 + Level 5.3 Hexes
 + Level 5.3 Summonings
 + Level 5.3 Necromancy
 + Level 5.3 Translocations
 + Level 5.3 Fire Magic
 + Level 5.3 Ice Magic
 + Level 5.3 Air Magic
 + Level 5.3 Earth Magic
 + Level 5.3 Alchemy
 + Level 7.0 Invocations
 + Level 8.0 Evocations
 + Level 5.8 Shapeshifting


You had 22 spell levels left.
You didn't know any spells.
Your spell library contained the following spells:

 Spells                   Type           Power      Damage    Failure   Level
 Apportation              Tloc           30%        N/A       1%          1
 Jinxbite                 Hex            30%        N/A       3%          2
 Lesser Beckoning         Tloc           30%        N/A       3%          2
 Fugue of the Fallen      Necr           15%        N/A       6%          3
 Gell's Gravitas          Tloc           15%        N/A       6%          3
 Ozocubu's Armour         Ice            15%        N/A       6%          3
 Teleport Other           Tloc           15%        N/A       6%          3
 Tukima's Dance           Hex            15%        N/A       6%          3
 Dimensional Bullseye     Hex/Tloc       7%         N/A       21%         4
 Iskenderun's Mystic Bla  Conj/Tloc      15%        2d5       21%         4
 Manifold Assault         Tloc           15%        N/A       21%         4
 Alistair's Intoxication  Alch           10%        N/A       50%         5
 Dispersal                Tloc           7%         N/A       97%         6
 Chain Lightning          Conj/Air       7%         3d10      100%        9
 Fire Storm               Conj/Fire      7%         8d2       100%        9
 Shatter                  Erth           7%         3d10*     100%        9


Dungeon Overview and Level Annotations

Branches:
Dungeon (11/15)            Temple (1/1) D:4            Lair (0/5) D:11
    Orc (0/2) D:9         Ossuary (visited)

Altars:
Ashenzari
Cheibriados
Dithmenos
Elyvilon
Fedhas
Gozag
Hepliaklqana
Kikubaaqudgha
Makhleb
Nemelex Xobeh
Okawaru
Qazlal
Ru
Trog
Vehumet
Wu Jian
Xom
Yredelemnul
Zin
The Shining One

Shops:
D:5 =

Annotations:
D:5 2 runed translucent doors, MysticSailboat's ghost, novice TeAE
D:6 2 transporters, epsilonplus's ghost, novice AtBe
D:11 Urug


Innate Abilities, Weirdness & Mutations

You have very sharp teeth.
Your uncanny sense of smell can sniff out nearby items.
Your experience applies equally to all skills.


Message History

Unknown command.
Aiming: Bolt of Light
Press: ? - help, Shift-Dir - straight line, f/p - Urug
Aim: Urug, wielding a +0 demon trident of freezing, wearing a +0 scale mail and quivering javelins (67% to hit)
The bolt of light hits Urug!!
Urug is moderately wounded.
Urug is blinded.
Urug opens the door.
There is an open door here.
There is an open door here.
You slash Urug!
Urug is heavily wounded.
You block Urug's attack.
You barely miss Urug.
Urug is heavily wounded.
Urug is no longer blind.
You block Urug's attack. Urug misses you.
You hit Urug.
Urug is heavily wounded.
Urug misses you.
You slash Urug!
Urug is severely wounded.
Urug hits you with a +0 demon trident of freezing!
Urug freezes you. You block Urug's attack.
You hit Urug but do no damage.
Urug is severely wounded.
Urug hits you with a +0 demon trident of freezing!!
Urug freezes you.
You slash Urug!
Urug is almost dead.
Urug closely misses you.
You hit Urug.
Urug is almost dead.
Urug hits you with a +0 demon trident of freezing!!
Urug freezes you.
* * * LOW HITPOINT WARNING * * *
Urug barely misses you.
You closely miss Urug.
Urug is almost dead.
Urug hits you with a +0 demon trident of freezing!!
You die...
Urug says, "One more harpy dead."

# +......#....#.......# #
#......#....#.......#
###+#......#..###.......#
#.......####..#...........
#......[#.....#...........
'.......#.....'..........
#.......#######........
.....####.......##+#...
.....# #.......@..+ .....#
#.......#o.# .....#
#.......#+## ####...
####..... ...#.... #.....
...#.... #..... ...# ..
#...... ...# #.... ...#


You could see Urug.

Vanquished Creatures
  Maggie (D:6)
  A komodo dragon (D:11)
  Jeremiah (D:8)
  2 trolls
  2 hornets
  2 shadows
  A wyvern (D:11)
  12 yaks
  2 wargs
  2 steam dragons
  3 basilisks (D:11)
  3 water moccasins
  A sky beast (D:6)
  An ogre (D:4)
  3 centaurs
  2 black bears
  3 phantoms (D:5)
  4 bullfrogs
  4 scorpions
  6 wights (D:6)
  10 killer bees
  5 howler monkeys
  3 bombardier beetles
  A cerulean imp (D:3)
  3 hounds
  2 jellies
  3 orc priests
  Crazy Yiuf (D:3)
  2 sleepcaps
  2 gnoll boudas
  3 iguanas
  6 scorpion zombies (Ossuary)
  10 orc wizards
  Ijyb (D:3)
  3 mummies (Ossuary)
  11 gnolls
  7 adders
  2 white imps
  2 adder zombies (Ossuary)
  2 ribbon worms
  A dart slug (D:4)
  20 orcs
  5 endoplasms
  4 giant cockroaches
  5 gnoll zombies (Ossuary)
  11 goblins
  14 hobgoblins
  6 jackals
  8 kobolds
  5 quokkas
  7 ball pythons
  9 bats
  3 jackal zombies (Ossuary)
  A kobold zombie (Ossuary)
  3 rats (D:1)
237 creatures vanquished.

Notes
Turn   | Place    | Note
-------+----------+-------------------------------------------
     0 | D:1      | Reached skill level 10 in Dodging
     0 | D:1      | zazu2006 the Gnoll Wanderer began the quest for the Orb.
     0 | D:1      | zazu2006 set off with the following items: a +0 short
                  | sword, 3 throwing nets, a +0 leather armour, a wand of
                  | polymorph (3), a potion of heal wounds.
     0 | D:1      | Reached XP level 1. HP: 17/17 MP: 1/1
   232 | D:1      | Reached XP level 2. HP: 22/23 MP: 2/2
   394 | D:1      | Found a faded altar of an unknown god.
   775 | D:1      | Reached XP level 3. HP: 28/28 MP: 3/3
  1123 | D:2      | Reached skill level 1 in Invocations
  1228 | D:2      | Reached skill level 1 in Long Blades
  1228 | D:2      | Reached skill level 1 in Axes
  1228 | D:2      | Reached skill level 1 in Maces & Flails
  1228 | D:2      | Reached skill level 1 in Polearms
  1228 | D:2      | Reached skill level 1 in Staves
  1228 | D:2      | Reached skill level 1 in Ranged Weapons
  1228 | D:2      | Reached skill level 1 in Throwing
  1228 | D:2      | Reached skill level 1 in Stealth
  1228 | D:2      | Reached skill level 1 in Shields
  1228 | D:2      | Reached skill level 1 in Unarmed Combat
  1228 | D:2      | Reached skill level 1 in Spellcasting
  1228 | D:2      | Reached skill level 1 in Conjurations
  1228 | D:2      | Reached skill level 1 in Hexes
  1228 | D:2      | Reached skill level 1 in Summonings
  1228 | D:2      | Reached skill level 1 in Necromancy
  1228 | D:2      | Reached skill level 1 in Translocations
  1228 | D:2      | Reached skill level 1 in Fire Magic
  1228 | D:2      | Reached skill level 1 in Ice Magic
  1228 | D:2      | Reached skill level 1 in Air Magic
  1228 | D:2      | Reached skill level 1 in Earth Magic
  1228 | D:2      | Reached skill level 1 in Alchemy
  1228 | D:2      | Reached skill level 1 in Shapeshifting
  1228 | D:2      | Reached XP level 4. HP: 34/34 MP: 5/5
  1402 | D:2      | Reached XP level 5. HP: 32/40 MP: 5/7
  2013 | D:3      | Noticed Ijyb
  2148 | D:3      | Noticed Grinder
  2149 | D:3      | Paralysed by Grinder for 3 turns
  2153 | D:3      | Grinder changed into Grinder the cerulean imp
  2153 | D:3      | Noticed Grinder
  2166 | D:3      | Killed Grinder the cerulean imp
  2361 | D:3      | Found an iron altar of Okawaru.
  2607 | D:3      | Killed Ijyb
  2674 | D:3      | Found a runed translucent door.
  2675 | D:3      | Noticed Crazy Yiuf
  2819 | D:3      | Found a sparkling altar of Nemelex Xobeh.
  2819 | D:3      | Found a hazy altar of Hepliaklqana.
  2991 | D:3      | Killed Crazy Yiuf
  2992 | D:3      | Reached XP level 6. HP: 47/47 MP: 8/8
  3132 | D:4      | Found a staircase to the Ecumenical Temple.
  3152 | D:4      | Reached skill level 5 in Evocations
  3173 | Temple   | Entered the Ecumenical Temple
  3642 | D:4      | Reached XP level 7. HP: 21/52 MP: 10/10
  4094 | D:5      | Entered Level 5 of the Dungeon
  4268 | D:5      | Found a runed translucent door.
  4270 | D:5      | Noticed MysticSailboat's ghost (novice TeAE)
  4399 | D:5      | Found a shadowy altar of Dithmenos.
  4409 | D:5      | Found a sand-covered staircase.
  4414 | Ossuary  | Entered an ossuary
  4444 | Ossuary  | Reached XP level 8. HP: 50/60 MP: 12/12
  4681 | D:5      | Reached skill level 11 in Dodging
  4861 | D:5      | Found a runed translucent door.
  5076 | D:5      | Found Keymuck's Jewellery Emporium.
  5213 | D:6      | Noticed Maggie
  5308 | D:6      | Reached XP level 9. HP: 66/66 MP: 14/14
  5355 | D:6      | Noticed epsilonplus's ghost (novice AtBe)
  5373 | D:6      | Reached skill level 5 in Fighting
  5373 | D:6      | Reached skill level 5 in Short Blades
  5373 | D:6      | Reached skill level 5 in Armour
  5386 | D:6      | Killed Maggie
  5503 | D:6      | Found a transporter.
  5646 | D:6      | Found a transporter.
  5946 | D:7      | Reached skill level 5 in Invocations
  6017 | D:7      | Found an ornate altar of the Wu Jian Council.
  6177 | D:7      | Found a blossoming altar of Fedhas.
  6505 | D:8      | Noticed a hornet
  6505 | D:8      | Noticed Jeremiah
  6510 | D:8      | Paralysed by a hornet for 3 turns
  6512 | D:8      | Killed a hornet
  6513 | D:8      | Reached skill level 5 in Long Blades
  6513 | D:8      | Reached skill level 5 in Axes
  6513 | D:8      | Reached skill level 5 in Maces & Flails
  6513 | D:8      | Reached skill level 5 in Polearms
  6513 | D:8      | Reached skill level 5 in Staves
  6513 | D:8      | Reached skill level 5 in Ranged Weapons
  6513 | D:8      | Reached skill level 5 in Throwing
  6513 | D:8      | Reached skill level 5 in Stealth
  6513 | D:8      | Reached skill level 5 in Shields
  6513 | D:8      | Reached skill level 5 in Unarmed Combat
  6513 | D:8      | Reached skill level 5 in Spellcasting
  6529 | D:8      | Killed Jeremiah
  6530 | D:8      | Reached XP level 10. HP: 56/76 MP: 17/17
  7789 | D:8      | Reached skill level 5 in Shapeshifting
  8184 | D:9      | Found a staircase to the Orcish Mines.
  8540 | D:9      | Found a glowing golden altar of the Shining One.
  9154 | D:9      | Reached skill level 12 in Dodging
  9243 | D:10     | Entered Level 10 of the Dungeon
  9269 | D:10     | Reached skill level 5 in Conjurations
  9269 | D:10     | Reached skill level 5 in Hexes
  9269 | D:10     | Reached skill level 5 in Summonings
  9269 | D:10     | Reached skill level 5 in Necromancy
  9269 | D:10     | Reached skill level 5 in Translocations
  9269 | D:10     | Reached skill level 5 in Fire Magic
  9269 | D:10     | Reached skill level 5 in Ice Magic
  9269 | D:10     | Reached skill level 5 in Air Magic
  9269 | D:10     | Reached skill level 5 in Earth Magic
  9269 | D:10     | Reached skill level 5 in Alchemy
  9269 | D:10     | Reached XP level 11. HP: 75/83 MP: 18/20
  9619 | D:10     | Found a radiant altar of Vehumet.
  9644 | D:10     | Became a worshipper of Vehumet
  9756 | D:10     | Found a basalt altar of Yredelemnul.
  9770 | D:10     | Found a sacrificial altar of Ru.
  9855 | D:10     | Found a shimmering altar of Xom.
  9867 | D:10     | Found a glowing silver altar of Zin.
 10560 | D:11     | Found a staircase to the Lair.
 10711 | D:11     | Noticed Urug
 10725 | D:11     | Slain by Urug

Illustrated notes

Levels and vault maps discovered:
D:1:      heliophobic_arrival_henge, layout_basic,
          hellmonk_ecumenical_altar_leap_of_faith
D:2:      layout_basic, kennysheep_donut
D:3:      cheibrodos_greedy_goblins, layout_basic,
          nicolae_overflow_hidden_temple, kennysheep_okawaru_gauntlet,
          minmay_distorted, uniq_crazy_yiuf_cottage, uniq_grinder, uniq_ijyb
D:4:      minmay_angry_zag, layout_basic, minmay_temple_entry_mini_moons
D:5:      layout_rooms, grunt_dithmenos_shadows, ebering_ghost_sewer_f,
          nicolae_ossuary_entry_false_entrances, serial_shops,
          nicolae_shop_gaudy_bauble, nicolae_elevator_lobby_plus
D:6:      layout_cave_pools, gammafunk_ghost_stat_death, uniq_maggie
D:7:      layout_rooms, mainiacjoe_overflow_boulevard, kennysheep_mini_moat,
          serial_bayou_pond_a, lemuel_flamethrower_1
D:8:      layout_basic, uniq_jeremiah
D:9:      layout_roguey, tso_oasis_becter, erik_orc_4
D:10:     layout_irregular_city, nicolae_overflow_quartered_altars,
          mainiacjoe_overflow_tiny_flanked
D:11:     layout_gridville, erik_lair_dragon, uniq_urug
Temple:   pf_temple_reverse_labyrinth

Skill      XL: |  1  2  3  4  5  6  7  8  9 10 11 |
---------------+----------------------------------+-----
Dodging        | 11 12 | 12.2
Invocations    | 1 2 3 4 5 6 7 |  7.0
Long Blades    | 1 2 3 5 6 |  6.4
Axes           | 1 2 3 5 6 |  6.4
Maces & Flails | 1 2 3 5 6 |  6.4
Polearms       | 1 2 3 5 6 |  6.4
Staves         | 1 2 3 5 6 |  6.4
Ranged Weapons | 1 2 3 5 6 |  6.4
Throwing       | 1 2 3 5 6 |  6.4
Stealth        | 1 2 3 5 6 |  6.4
Shields        | 1 2 3 5 6 |  6.4
Unarmed Combat | 1 2 3 5 6 |  6.4
Spellcasting   | 1 2 3 5 6 |  6.4
Conjurations   | 1 2 3 4 5 |  5.3
Hexes          | 1 2 3 4 5 |  5.3
Summonings     | 1 2 3 4 5 |  5.3
Necromancy     | 1 2 3 4 5 |  5.3
Translocations | 1 2 3 4 5 |  5.3
Fire Magic     | 1 2 3 4 5 |  5.3
Ice Magic      | 1 2 3 4 5 |  5.3
Air Magic      | 1 2 3 4 5 |  5.3
Earth Magic    | 1 2 3 4 5 |  5.3
Alchemy        | 1 2 3 4 5 |  5.3
Shapeshifting  | 1 2 3 4 5 |  5.8
Fighting       | 3 4 5 6 7 |  7.0
Short Blades   | 3 4 5 6 7 |  7.0
Armour         | 3 4 5 6 7 |  7.0
Evocations     | 5 6 7 8 |  8.0

Action                     |  1- 3 |  4- 6 |  7- 9 | 10-12 || total
---------------------------+-------+-------+-------+-------++-------
  Melee: Short sword       |   157 |   217 |       |       ||   374
         Bite              |    14 |    38 |    50 |    34 ||   136
         Punch             |     1 |     5 |    10 |       ||    16
         Falchion          |       |    43 |   245 |       ||   288
         Great sword       |       |       |    60 |   253 ||   313
  Throw: Throwing net      |       |     4 |       |       ||     4
  Evoke: Wand              |       |     4 |     3 |     2 ||     9
    Use: Potion            |       |     5 |       |     1 ||     6
         Scroll            |       |       |     6 |       ||     6
   Stab: Sleeping          |     1 |     5 |     6 |     4 ||    16
         Held in net/web   |       |     1 |       |       ||     1
 Armour: Leather armour    |    42 |    31 |    69 |       ||   142
         Steam dragon scal |       |       |    36 |   121 ||   157
  Dodge: Dodged            |   111 |   156 |   359 |   327 ||   953
  Block: Other             |    26 |    34 |    84 |    73 ||   217
         Reflection        |       |       |     3 |     4 ||     7
